 Dungeon Crawl Stone Soup version 0.17-a0-484-g0e03f6a (webtiles) character file.

389 Leibowitz the Ducker (level 6, -2/50 HPs)
             Began as a Demigod Gladiator on Apr 11, 2015.
             Slain by a giant frog (7 damage)
             ... in a sewer.
             The game lasted 00:17:18 (3744 turns).

Leibowitz the Ducker (Demigod Gladiator)            Turns: 3744, Time: 00:17:18

Health: -2/50      AC:  9    Str: 24    XL:     6   Next: 24%
Magic:  8/8        EV: 15    Int: 12    God:
Gold:   137        SH:  0    Dex: 21    Spells: 0 memorised, 5 levels left

rFire  . . .     SeeInvis .     a - +1 trident (flame)
rCold  . . .     Clarity  .     q - +3 leather armour
rNeg   . . .     SustAb   +     (no shield)
rPois  .         Gourm    .     c - +0 helmet
rElec  .         Spirit   .     e - +0 cloak
rCorr  .         Warding  .     s - +0 pair of gloves
rMut   .         Stasis   .     (no boots)
MR     .....                    (no amulet)
Stlth  +.........               m - +3 ring of dexterity
                                w - +4 ring of strength

@: lethally poisoned (-2 -> -3), not resistant to hostile enchantments, very
unstealthy
A: high mp 1, sustain abilities
a: no special abilities


You were in a sewer.
You were not hungry.

You visited 1 branch of the dungeon, and saw 4 of its levels.
You also visited: Sewer.

You collected 137 gold pieces.

Inventory:

Hand weapons
 a - a +1 trident of flaming (weapon)
 b - a +0 blowgun
 o - a +0 trident
Missiles
 d - 3 throwing nets (quivered)
 x - 24 poisoned needles
Armour
 c - a +0 helmet (worn)
 e - a +0 cloak (worn)
 q - a +3 leather armour (worn)
 s - a +0 pair of gloves (worn)
Jewellery
 l - an uncursed ring of protection from fire {unknown}
 m - a +3 ring of dexterity (right hand)
 w - a +4 ring of strength (left hand)
 B - an uncursed ring of sustain abilities {unknown}
Scrolls
 h - 4 scrolls of identify {unknown}
 i - 3 scrolls of remove curse {unknown}
 t - a scroll of immolation {unknown}
 y - a scroll of teleportation {unknown}
 z - 3 scrolls of magic mapping
 D - a scroll of fog {unknown}
 E - a scroll of recharging {unknown}
Potions
 g - a potion of cure mutation {unknown}
 k - 2 potions of curing {unknown}
 n - 2 potions of resistance {unknown}
 p - a potion of mutation {unknown}
 r - a potion of ambrosia {unknown}
 v - a potion of agility {unknown}
 C - a potion of might {unknown}
 F - a potion of magic {unknown}
 G - a potion of heal wounds {unknown}
Comestibles
 f - 3 bread rations
 j - 3 beef jerkies
 u - a meat ration
 A - a slice of pizza


   Skills:
 + Level 2.8 Fighting
 + Level 4.1 Polearms
 + Level 2.0 Throwing
 + Level 2.6 Armour
 + Level 4.1 Dodging
 + Level 1.5 Stealth


You had 5 spell levels left.
You didn't know any spells.

Dungeon Overview and Level Annotations

Branches:
Dungeon (4/15)
 Temple: D:4-7

Shops:
D:4 [


Innate Abilities, Weirdness & Mutations

You have an increased reservoir of magic (+10% MP).
Your attributes are resistant to harm.


Message History

You feel sick. The giant frog barely misses you. The giant frog hits you.
The adder misses you. The giant frog barely misses you.
The giant frog closely misses you. The adder barely misses you.
Read which item? (? for menu, Esc to quit)
As you read the scroll labeled JIUPAI UTON, it crumbles to dust.
You feel aware of your surroundings.
You sensed 1 shop/portal.
It was a scroll of magic mapping.
The giant frog hits you but does no damage.
The giant frog barely misses you. The ball python barely misses you.
The ball python grabs you. The ball python constricts you. The adder bites you.
* * * LOW HITPOINT WARNING * * *
Unknown command.
Drink which item? (? for menu, Esc to quit)
Okay, then.
You escape the ball python's grasp.
The giant frog hits you!
* * * LOW HITPOINT WARNING * * *
The giant frog hits you.
* * * LOW HITPOINT WARNING * * *
The giant frog hits you!
You die...

##........†.......##
#........##.†......#
##......#'####......#
#......##..# ##......
#.≈≈≈.≈##..# #..≈..≈
#≈≈≈≈≈≈##### #≈≈≈≈≈≈
#≈≈≈≈≈≈# #≈≈≈÷≈≈
#≈≈≈≈≈≈# #≈≈≈≈≈≈
#≈≈≈@≈≈# #≈≈≈÷≈≈
#≈SFFS≈# #≈≈≈÷÷≈
#≈S≈≈≈≈# #≈.†..≈
#≈≈≈≈≈≈# #...[.≈
#≈≈≈≈≈≈# #≈...≈≈
#≈≈≈≈≈≈# #≈≈≈≈≈≈
#≈≈≈≈≈≈# #≈≈≈≈≈≈
#≈≈≈≈≈≈# #≈≈≈≈≈≈
#≈≈≈≈≈≈# #≈≈≈≈≈≈


You could see 2 giant frogs, an adder and 2 ball pythons.

Vanquished Creatures
  A scorpion (D:4)
  A hound (D:4)
  3 gnolls (D:4)
  11 adders
  6 river rats
  A worm (D:2)
  8 orcs
  5 giant cockroaches
  4 goblins
  7 hobgoblins
  A jackal (D:2)
  2 quokkas
  13 ball pythons
  11 bats
  8 giant geckos
  8 giant newts
  7 kobolds
  33 rats
130 creatures vanquished.

Notes
Turn   | Place    | Note
--------------------------------------------------------------
     0 | D:1      | Leibowitz, the Demigod Gladiator, began the quest for the Orb.
     0 | D:1      | Reached XP level 1. HP: 17/17 MP: 3/3
   370 | D:1      | Reached XP level 2. HP: 24/24 MP: 4/4
   543 | D:1      | Reached skill level 3 in Polearms
   961 | D:2      | Reached XP level 3. HP: 26/29 MP: 5/5
  1654 | D:2      | Reached skill level 1 in Armour
  2021 | D:3      | Reached XP level 4. HP: 36/36 MP: 6/6
  2509 | D:4      | Reached skill level 1 in Stealth
  2513 | D:4      | Reached XP level 5. HP: 14/41 MP: 7/7
  2647 | D:4      | Found Wosim's Antique Armour Shop.
  2920 | D:4      | Found a glowing drain.
  2924 | Sewer    | Entered a sewer
  3289 | Sewer    | Reached skill level 4 in Dodging
  3306 | Sewer    | Reached XP level 6. HP: 50/50 MP: 8/8
  3744 | Sewer    | Slain by a giant frog

Action                   |  1- 3 |  4- 6 || total
-------------------------+-------+-------++-------
Melee: Trident           |   160 |   234 ||   394
  Use: Scroll            |       |     1 ||     1
 Stab: Sleeping          |     1 |     2 ||     3
  Eat: Chunk             |     4 |     6 ||    10
